 Dungeon Crawl Stone Soup version 0.31-b1-18-g61460d1e46 (webtiles) character file.

Game seed: 10747272346725497104

7 Esekla the Sneak (level 2, 17/21 HPs)
             Began as an Octopode Delver on Jan 16, 2024.
             Quit the game on level 5 of the Dungeon.
             The game lasted 00:02:04 (129 turns).

Esekla the Sneak (Octopode Delver)                   Turns: 129, Time: 00:02:04

Health: 17/21      AC:  1    Str: 11    XL:     2   Next: 4%
Magic:  2/2        EV: 13    Int: 12    God:
Gold:   24         SH:  0    Dex: 13    Spells: 1/1 levels left

rFire   . . .        a - +0 falchion
rCold   . . .        (no shield)
rNeg    . . .        (helmet restricted)
rPois   .            (no amulet)
rElec   .            (no ring)
rCorr   .            (no ring)
SInv    .            (no ring)
Will    .....        (no ring)
Stlth   ++++         (no ring)
HPRegen 0.23/turn    (no ring)
MPRegen 0.08/turn    (no ring)
                     (no ring)

%: no passive effects
@: no status effects
A: almost no armour, amphibious, 8 rings, camouflage 1, gelatinous body 1,
(nimble swimmer 1), tentacles
a: no special abilities


You were on level 5 of the Dungeon.
You visited 1 branch of the dungeon, and saw 1 of its levels.

You collected 24 gold pieces.

Inventory:

Hand Weapons
 a - a +0 falchion (weapon)
Wands
 f - a wand of digging (2)
Scrolls
 b - a scroll of fog
 d - a scroll of fear


   Skills:
 * Level 3.1 Fighting
 * Level 2.0 Long Blades
 * Level 2.0 Dodging
 + Level 6.8 Stealth
 * Level 0.2 Spellcasting


You had one spell level left.
You didn't know any spells.
Your spell library was empty.

Dungeon Overview and Level Annotations

Branches:
Dungeon (5/15)
 Temple: D:4-7

Altars:
Dithmenos
Hepliaklqana

Annotations:
D:5 Grinder


Innate Abilities, Weirdness & Mutations

You cannot wear most types of armour.
You are amphibious.
You can wear up to eight rings at the same time.
Your skin changes colour to match your surroundings (Stealth+).
Your rubbery body absorbs attacks. (AC +1, EV +1)
((You are camouflaged when in or above water. (Stealth+)))
You have tentacles for arms and can constrict up to eight enemies at once.


Message History

The orc moves out of view.
The orc priest shouts!
You hear the slow rusting of a very distant drain.
You hear the slow hiss of an avalanche of sand.
A gnoll comes into view. It is wielding a +0 spear.
A gnoll comes into view. It is wielding a +0 flail.
The gnoll hits you from afar with a +0 spear!
* * * LOW HITPOINT WARNING * * *
A gnoll and a bombardier beetle come into view.
Found 2 stones.
A gnoll comes into view. It is wielding a +0 flail.
The orc priest begins to cast a cantrip, but forgets the words!
A water moccasin comes into view.
Found 9 gold pieces and a scroll of fear.
Found a stone staircase leading up.
The gnoll shouts!
The water moccasin hisses angrily.
You see here a scroll of fear.
d - 2 scrolls of fear (gained 1)
As you read the scroll of fear, it crumbles to dust.
You assume a fearsome visage.
The water moccasin looks frightened!
The gnoll looks frightened! x2
The gnoll shouts!
The gnoll looks frightened! x2
Your extra speed is starting to run out.
You feel yourself slow down.
Found a hazy altar of Hepliaklqana.
Okay, then.
Aiming: Dig
Press: ? - help, Shift-Dir - straight line A rock wall.
The rock shatters into small pieces.
You hear a shout!
An ogre comes into view. It is wielding a +0 giant club.
Found a shadowy altar of Dithmenos.
You hear the slow rusting of a very distant drain.
You hear the slow hiss of an avalanche of sand nearby.
The ogre shouts!
The ogre closely misses you. The ogre attacks as it pursues you!
The ogre barely misses you.
Are you sure you want to abandon this character and quit the game? (Confirm with "yes".)

#....g.......##...##...#
g..##...##...##........#
#..*#..#####.###......##
..###..#** *.# #####.##
.#.....#,* #.# #.#
...#...#,**#.#######.#
..###...(.##.....O...#
.##,##...####...####.#
##,∩,##..#*#...§@#*#.#
.+#,**...##.....§§##.#
..##*...o#..§..§§§§#§#
...#.............§§§§#
..o..........._...§§.#
................§§§§.#
.#.....,.#.§....§§§###
.###...,*##§§§..§§#*
.......,* **,,,,,**


There were no monsters in sight!

Vanquished Creatures
  An ufetubus (D:5)
  An orc (D:5)
2 creatures vanquished.

Notes
Turn   | Place    | Note
-------+----------+-------------------------------------------
     0 | D:5      | Esekla the Octopode Delver began the quest for the Orb.
     0 | D:5      | Reached XP level 1. HP: 16/16 MP: 1/1
    35 | D:5      | Noticed Grinder
    43 | D:5      | Reached XP level 2. HP: 8/21 MP: 2/2
    46 | D:5      | Noticed a phantom
    59 | D:5      | Noticed a bombardier beetle
    64 | D:5      | Noticed a water moccasin
   103 | D:5      | Found a hazy altar of Hepliaklqana.
   118 | D:5      | Found a shadowy altar of Dithmenos.
   118 | D:5      | Noticed an ogre
   129 | D:5      | Quit the game

Illustrated notes

Levels and vault maps discovered:
D:5:      layout_cave_pools, nicolae_dithmenos_the_darkroom,
          nicolae_hepliaklqana_hippocampus, enter_ossuary_5,
          portal_sewer_entry_f, nicolae_shop_firing_range, uniq_grinder

Action                     || total
---------------------------++-------
  Melee: Falchion          ||     6
         Constrict         ||     2
         Tentacles         ||     2
  Evoke: Wand              ||     1
    Use: Scroll            ||     2
         Potion            ||     1
 Armour: Skin              ||     6
  Dodge: Dodged            ||     6
